[Event "1st Sivas Buruciye Open 2019"]
[Site "Sivas"]
[Date "2019.08.21"]
[Round "5"]
[White "Caputcuoglu, Zeki Berke"]
[Black "Odeev, Handszar"]
[Result "1/2-1/2"]
[ECO "A46"]
[WhiteElo "2004"]
[BlackElo "2360"]
[Annotator "NA"]
[PlyCount "55"]
[EventDate "2019.08.19"]
[EventType "swiss"]
[EventCountry "TUR"]
[SourceTitle "playchess.com"]
[Source "ChessBase"]
[SourceQuality "1"]
[TimeControl "5400+30"]

1. Nf3 d6 2. d4 Nf6 3. Nc3 Bf5 4. Nh4 Bd7 5. e4 e5 6. Nf3 exd4 7. Nxd4 g6 8. f3 Bg7 9. Be3 O-O 10. Qd2 c6 11. Be2 d5 12. exd5 cxd5 13. O-O Nc6 14. Nxc6 bxc6 15. Na4 Re8 16. Bd4 Nh5 17. Bxg7 Nxg7 18. Rfe1 Ne6 19. b3 Qf6 20. Bf1 h5 21. c4 d4 22. Nb2 h4 23. h3 Ng5 24. Kh1 Re3 25. Rxe3 dxe3 26. Qxe3 Qxb2 27. Rd1 Nxh3 28. Rxd7 1/2-1/2

[Event "1st Sivas Buruciye Open 2019"]
[Site "Sivas"]
[Date "2019.08.21"]
[Round "5"]
[White "Amanmuradow, Atajan"]
[Black "Sabahi, Ali Can"]
[Result "1-0"]
[ECO "D05"]
[WhiteElo "1794"]
[BlackElo "1825"]
[Annotator "NA"]
[PlyCount "75"]
[EventDate "2019.08.19"]
[EventType "swiss"]
[EventCountry "TUR"]
[SourceTitle "playchess.com"]
[Source "ChessBase"]
[SourceQuality "1"]
[TimeControl "5400+30"]

1. Nf3 e6 2. d4 Nf6 3. Nbd2 c5 4. e3 d5 5. a3 b6 6. b3 Bd6 7. Bb2 O-O 8. Bd3 Ba6 9. c4 Nbd7 10. O-O Rc8 11. Qe2 Re8 12. Ne5 Qc7 13. f4 Bb7 14. Rac1 Qb8 15. Ndf3 Nf8 16. Ng5 Re7 17. Bb1 Ne4 18. Nxe4 dxe4 19. Rcd1 f6 20. Ng4 Ng6 21. d5 f5 22. Nf2 e5 23. g3 exf4 24. gxf4 Nh4 25. Nh3 Nf3+ 26. Kh1 Rf7 27. Ng1 Nh4 28. Qh5 Be7 29. Be5 Qa8 30. Rf2 Rcf8 31. Nh3 Qc8 32. Rg1 Nf3 33. Rxf3 exf3 34. Ng5 Bxg5 35. Rxg5 f2 36. Kg2 h6 37. Kf1 Qd7 38. Qxh6 1-0

[Event "1st Sivas Buruciye Open 2019"]
[Site "Sivas"]
[Date "2019.08.21"]
[Round "5"]
[White "Karahan, Anil"]
[Black "Ciblakbas, Sertan"]
[Result "1/2-1/2"]
[ECO "D78"]
[WhiteElo "1721"]
[BlackElo "1720"]
[Annotator "NA"]
[PlyCount "75"]
[EventDate "2019.08.19"]
[EventType "swiss"]
[EventCountry "TUR"]
[SourceTitle "playchess.com"]
[Source "ChessBase"]
[SourceQuality "1"]
[TimeControl "5400+30"]

1. Nf3 d5 2. g3 g6 3. Bg2 Bg7 4. d4 Nf6 5. O-O O-O 6. c4 c6 7. Nbd2 a5 8. cxd5 cxd5 9. Ne5 Nc6 10. Ndf3 Qb6 11. b3 Ne4 12. Nxc6 bxc6 13. Ba3 Re8 14. Rc1 Ba6 15. Ne5 Rac8 16. Re1 Bxe5 17. Bxe4 Qxd4 18. Qxd4 Bxd4 19. Bf3 Bb6 20. Bc5 Bc7 21. e4 e6 22. Rc2 Bb7 23. e5 Kg7 24. Bg4 h5 25. Bh3 Bd8 26. f4 Be7 27. Kf2 Bxc5+ 28. Rxc5 Ra8 29. Ke3 Kf8 30. Kd4 Ke7 31. Rec1 Kd7 32. Bf1 Rec8 33. R1c2 Kc7 34. Bb5 Kb6 35. Bd3 Ba6 36. Bxa6 Rxa6 37. Rc1 Rc7 38. h4 1/2-1/2

[Event "1st Sivas Buruciye Open 2019"]
[Site "Sivas"]
[Date "2019.08.21"]
[Round "5"]
[White "Var, Sefa"]
[Black "Shahlarov, Faig"]
[Result "0-1"]
[ECO "B94"]
[WhiteElo "1698"]
[BlackElo "1798"]
[Annotator "NA"]
[PlyCount "124"]
[EventDate "2019.08.19"]
[EventType "swiss"]
[EventCountry "TUR"]
[SourceTitle "playchess.com"]
[Source "ChessBase"]
[SourceQuality "1"]
[TimeControl "5400+30"]

1. e4 c5 2. Nf3 d6 3. d4 cxd4 4. Nxd4 Nf6 5. Nc3 a6 6. Bg5 Nbd7 7. Qe2 Qc7 8. f4 b5 9. Bxf6 Nxf6 10. e5 dxe5 11. fxe5 b4 12. Ncb5 axb5 13. Nxb5 Qc5 14. exf6 gxf6 15. Qc4 Qxc4 16. Bxc4 Rb8 17. Rd1 Bh6 18. Nc7+ Kf8 19. Rd8+ Kg7 20. Rxh8 Kxh8 21. Bxf7 Bf5 22. Bb3 Bxc2 23. Bxc2 Rc8 24. Ke2 Rxc7 25. Bd3 Kg7 26. Rf1 Bc1 27. b3 Bg5 28. h4 Bh6 29. g4 Rd7 30. Rf5 Bc1 31. Rh5 h6 32. Rc5 Bf4 33. Rc4 Bd6 34. Rc8 Ra7 35. Rc2 Ra5 36. Kf3 Rd5 37. Be4 Rd1 38. h5 Rh1 39. Bd5 Rh3+ 40. Ke4 f5+ 41. Kxf5 Re3 42. Be4 Kf7 43. Bd5+ e6+ 44. Bxe6+ Rxe6 45. Rc4 Re5+ 46. Kf4 Ra5+ 47. Ke4 Rxa2 48. Kd5 Rd2+ 49. Kc6 Kf6 50. Re4 Kg5 51. Re6 Bf4 52. Rg6+ Kh4 53. Kc5 Bg5 54. Kxb4 Kxg4 55. Kc3 Rd8 56. Re6 Kxh5 57. Re4 Kg6 58. b4 h5 59. Kc4 h4 60. Re1 Kf5 61. b5 Bf4 62. b6 h3 0-1

[Event "1st Sivas Buruciye Open 2019"]
[Site "Sivas"]
[Date "2019.08.21"]
[Round "5"]
[White "Bogaakca, Mehmet"]
[Black "Kiziltas, Inanc Vefa"]
[Result "1/2-1/2"]
[ECO "B15"]
[WhiteElo "1665"]
[BlackElo "1826"]
[Annotator "NA"]
[PlyCount "43"]
[EventDate "2019.08.19"]
[EventType "swiss"]
[EventCountry "TUR"]
[SourceTitle "playchess.com"]
[Source "ChessBase"]
[SourceQuality "1"]
[TimeControl "5400+30"]

1. e4 c6 2. d4 d5 3. Nc3 dxe4 4. Nxe4 Nf6 5. Ng3 e5 6. Nf3 exd4 7. Qxd4 Qxd4 8. Nxd4 Bc5 9. Be3 O-O 10. Ndf5 Bxe3 11. Nxe3 Be6 12. O-O-O Nbd7 13. Bc4 Nc5 14. Bxe6 Nxe6 15. Ngf5 Ne4 16. Rhf1 g6 17. Nd6 Nxd6 18. Rxd6 Rfd8 19. Rfd1 Rxd6 20. Rxd6 Rd8 21. Rxd8+ Nxd8 22. Kd2 1/2-1/2

[Event "1st Sivas Buruciye Open 2019"]
[Site "Sivas"]
[Date "2019.08.21"]
[Round "5"]
[White "Altundal, Arda"]
[Black "Ercan, Mehmet Fahri"]
[Result "1-0"]
[ECO "B91"]
[WhiteElo "1659"]
[BlackElo "1854"]
[Annotator "NA"]
[PlyCount "81"]
[EventDate "2019.08.19"]
[EventType "swiss"]
[EventCountry "TUR"]
[SourceTitle "playchess.com"]
[Source "ChessBase"]
[SourceQuality "1"]
[TimeControl "5400+30"]

1. e4 c5 2. Nf3 d6 3. d4 cxd4 4. Nxd4 Nf6 5. Nc3 Bd7 6. g3 Nc6 7. Bg2 a6 8. O-O g6 9. Nxc6 bxc6 10. Qe2 Qc7 11. h3 Bg7 12. Be3 O-O 13. f4 Rfb8 14. Rfb1 a5 15. Kh2 Rb7 16. a4 Rab8 17. Ra2 Be6 18. b3 Nd7 19. Bd2 Nc5 20. Rf1 f5 21. Qe3 Qd7 22. exf5 gxf5 23. Ne2 Ra8 24. Bc3 Bxc3 25. Nxc3 Na6 26. Bxc6 Qxc6 27. Qxe6+ Kh8 28. Nb5 Nb4 29. Rb2 Rf8 30. c4 Nd3 31. Rd2 Nc5 32. Qe3 Ne4 33. Qd4+ Rf6 34. Re2 Qc5 35. g4 Rxb5 36. Qb2 Rb8 37. g5 Rbf8 38. gxf6 Rxf6 39. Rg1 Qb4 40. Reg2 h5 41. Qe2 1-0

[Event "1st Sivas Buruciye Open 2019"]
[Site "Sivas"]
[Date "2019.08.21"]
[Round "5"]
[White "Citil, Feyzullah"]
[Black "Subasi, Fidel"]
[Result "1/2-1/2"]
[ECO "B22"]
[WhiteElo "1586"]
[BlackElo "1683"]
[Annotator "NA"]
[PlyCount "119"]
[EventDate "2019.08.19"]
[EventType "swiss"]
[EventCountry "TUR"]
[SourceTitle "playchess.com"]
[Source "ChessBase"]
[SourceQuality "1"]
[TimeControl "5400+30"]

1. e4 e6 2. d4 d5 3. exd5 exd5 4. Bd3 c5 5. c3 Nc6 6. Nf3 Nf6 7. O-O Be7 8. h3 O-O 9. Re1 h6 10. Nbd2 cxd4 11. cxd4 Bd6 12. Nf1 Be6 13. Bd2 Re8 14. Rc1 Qb6 15. b4 Ne4 16. Bxe4 dxe4 17. Rxe4 Bxa2 18. Rxe8+ Rxe8 19. Qa4 Bd5 20. b5 Bxf3 21. gxf3 Qxd4 22. Ra1 Qxa4 23. Rxa4 Ne5 24. Be3 Nxf3+ 25. Kg2 Ne1+ 26. Kh1 Re5 27. Bf4 Re6 28. Bxd6 Rxd6 29. Rxa7 b6 30. Ne3 Nf3 31. Nf5 Rd1+ 32. Kg2 Ne1+ 33. Kf1 Rb1 34. Ke2 Nc2 35. Kd3 Nb4+ 36. Kc4 g6 37. Nxh6+ Kg7 38. Nxf7 Kf6 39. Nd6 Ke6 40. Ne4 Nd5 41. Ng5+ Ke5 42. f4+ Nxf4 43. Nf3+ Kd6 44. Rf7 Nd5 45. Nd4 Rb4+ 46. Kd3 Kc5 47. Ne6+ Kxb5 48. Rg7 Rh4 49. Rxg6 Rxh3+ 50. Kd4 Nb4 51. Nc7+ Ka5 52. Rg1 Rd3+ 53. Kc4 Ra3 54. Rg8 Na6 55. Nxa6 b5+ 56. Kd4 Ra4+ 57. Kd5 Kxa6 58. Ra8+ Kb6 59. Rxa4 bxa4 60. Ke4 1/2-1/2

[Event "1st Sivas Buruciye Open 2019"]
[Site "Sivas"]
[Date "2019.08.21"]
[Round "5"]
[White "Ismayilov, Arturan"]
[Black "Capraz, Arda"]
[Result "1-0"]
[ECO "C66"]
[WhiteElo "1561"]
[BlackElo "1384"]
[Annotator "NA"]
[PlyCount "107"]
[EventDate "2019.08.19"]
[EventType "swiss"]
[EventCountry "TUR"]
[SourceTitle "playchess.com"]
[Source "ChessBase"]
[SourceQuality "1"]
[TimeControl "5400+30"]

1. e4 e5 2. Nf3 Nc6 3. Bb5 Nf6 4. O-O d6 5. Re1 Bg4 6. h3 Bxf3 7. Qxf3 Be7 8. c3 O-O 9. d3 Nd7 10. Nd2 Bg5 11. Nf1 Bxc1 12. Raxc1 Qf6 13. Qg3 Qg6 14. Qxg6 hxg6 15. Ne3 a6 16. Ba4 Nc5 17. Bc2 Ne6 18. Nd5 Rac8 19. Bb3 Nf4 20. Nxf4 exf4 21. Bd5 Rb8 22. d4 Rfe8 23. g3 fxg3 24. fxg3 Re7 25. Rf1 Rf8 26. Rf4 Nd8 27. h4 Ne6 28. Rf2 c6 29. Bb3 Nc7 30. Re1 d5 31. e5 Re6 32. Bc2 Ne8 33. Kf1 f6 34. Bxg6 fxe5 35. Rxf8+ Kxf8 36. Bxe8 Kxe8 37. Rxe5 Rxe5 38. dxe5 Ke7 39. Ke2 Ke6 40. Ke3 Kxe5 41. b4 b6 42. a4 a5 43. bxa5 bxa5 44. g4 c5 45. h5 Kf6 46. Kf4 g5+ 47. hxg6 Kxg6 48. Ke5 d4 49. cxd4 c4 50. Ke4 Kg5 51. d5 c3 52. Kd3 c2 53. Kxc2 Kxg4 54. d6 1-0

[Event "1st Sivas Buruciye Open 2019"]
[Site "Sivas"]
[Date "2019.08.21"]
[Round "5"]
[White "Babayeva, Nasrin"]
[Black "Aydin, Mehmet Asaf"]
[Result "1-0"]
[ECO "A29"]
[WhiteElo "1547"]
[BlackElo "1292"]
[Annotator "NA"]
[PlyCount "89"]
[EventDate "2019.08.19"]
[EventType "swiss"]
[EventCountry "TUR"]
[SourceTitle "playchess.com"]
[Source "ChessBase"]
[SourceQuality "1"]
[TimeControl "5400+30"]

1. c4 e5 2. g3 Nf6 3. Bg2 Bc5 4. Nc3 d6 5. Nf3 Be6 6. O-O Nc6 7. d3 h6 8. a3 a5 9. Na4 Ba7 10. Bd2 O-O 11. b4 axb4 12. axb4 d5 13. b5 e4 14. bxc6 exf3 15. Bxf3 bxc6 16. c5 Bh3 17. Bg2 Bxg2 18. Kxg2 d4 19. e4 dxe3 20. Bxe3 Qd5+ 21. Qf3 Qxd3 22. Qxc6 Nd5 23. Rfe1 Nxe3+ 24. Rxe3 Qd4 25. Rea3 f5 26. R1a2 f4 27. Rf3 fxg3 28. hxg3 Qd1 29. Raa3 Rae8 30. Nb2 Qc1 31. Rxa7 Qxb2 32. Rxc7 Qe2 33. Qd5+ Kh8 34. Rcf7 Rxf7 35. Qxf7 Rc8 36. Qf5 Qe8 37. Re3 Qc6+ 38. Kh2 Qa8 39. Re7 Rf8 40. Rf7 Rxf7 41. Qxf7 Qc6 42. Qf8+ Kh7 43. Qd6 Qf3 44. Kg1 Qc3 45. c6 1-0

[Event "1st Sivas Buruciye Open 2019"]
[Site "Sivas"]
[Date "2019.08.22"]
[Round "6"]
[White "Annaberdiev, Meilis"]
[Black "Ghaffarifar, Matin"]
[Result "1-0"]
[ECO "A47"]
[WhiteElo "2518"]
[BlackElo "2082"]
[Annotator "ChessBase"]
[PlyCount "65"]
[EventDate "2019.08.19"]
[EventType "swiss"]
[EventCountry "TUR"]
[SourceTitle "playchess.com"]
[Source "ChessBase"]
[SourceQuality "1"]
[TimeControl "5400+30"]

1. d4 Nf6 2. Nf3 e6 3. Bg5 b6 4. Nbd2 Bb7 5. e3 Be7 6. Bd3 O-O 7. O-O c5 8. c3 d6 9. Qe2 cxd4 10. cxd4 Nd5 11. Bxe7 Qxe7 12. a3 Nd7 13. g3 N5f6 14. Ba6 Nb8 15. Bxb7 Qxb7 16. e4 Nc6 17. Rac1 d5 18. e5 Nd7 19. Qd3 Rfc8 20. Ng5 Nf8 21. f4 Ne7 22. Ngf3 Rxc1 23. Rxc1 Rc8 24. Rc3 Rc6 25. Kf2 Nd7 26. Ng5 g6 27. g4 a5 28. a4 Rxc3 29. Qxc3 h6 30. Ngf3 Nc6 31. f5 Nb4 32. f6 Nb8 33. Qe3 1-0

[Event "1st Sivas Buruciye Open 2019"]
[Site "Sivas"]
[Date "2019.08.22"]
[Round "6"]
[White "Bagaturov, Giorgi"]
[Black "Arman, Deniz"]
[Result "1-0"]
[ECO "A29"]
[WhiteElo "2417"]
[BlackElo "2347"]
[Annotator "NA"]
[PlyCount "75"]
[EventDate "2019.08.19"]
[EventType "swiss"]
[EventCountry "TUR"]
[SourceTitle "playchess.com"]
[Source "ChessBase"]
[SourceQuality "1"]
[TimeControl "5400+30"]

1. c4 Nf6 2. Nc3 e5 3. g3 d5 4. cxd5 Nxd5 5. Bg2 Nb6 6. Nf3 Nc6 7. O-O Be7 8. d3 O-O 9. a3 f5 10. b4 Bf6 11. Bb2 Kh8 12. b5 Na5 13. e4 f4 14. Ne2 Qe8 15. a4 Be6 16. Bxe5 Bb3 17. Qd2 Bxe5 18. Nxe5 Qxe5 19. gxf4 Qd6 20. Qxa5 Qxd3 21. Nc1 Qc2 22. Nxb3 Qxb3 23. f5 a6 24. bxa6 Rxa6 25. Qc5 Qf7 26. Rfc1 c6 27. Qb4 Re8 28. Bf1 Qh5 29. Rc3 c5 30. Qb1 Nxa4 31. Rh3 Qg4+ 32. Rg3 Qxe4 33. Qxe4 Rxe4 34. Bxa6 bxa6 35. Rga3 Nb2 36. Rb3 Rb4 37. Rxb4 cxb4 38. Rb1 1-0

[Event "1st Sivas Buruciye Open 2019"]
[Site "Sivas"]
[Date "2019.08.22"]
[Round "6"]
[White "Abdulov, Orkhan"]
[Black "Darban, Morteza"]
[Result "1/2-1/2"]
[ECO "C00"]
[WhiteElo "2397"]
[BlackElo "2280"]
[Annotator "ChessBase"]
[PlyCount "49"]
[EventDate "2019.08.19"]
[EventType "swiss"]
[EventCountry "TUR"]
[SourceTitle "playchess.com"]
[Source "ChessBase"]
[SourceQuality "1"]
[TimeControl "5400+30"]

1. e4 c5 2. d3 Nc6 3. g3 e6 4. Bg2 d5 5. Nd2 b6 6. Ne2 Nf6 7. O-O Bb7 8. exd5 Nxd5 9. Nc4 Be7 10. Nf4 Nf6 11. Nh5 O-O 12. Nxf6+ Bxf6 13. Bf4 Qd7 14. Be4 Rad8 15. c3 g6 16. Qe2 Bg7 17. Rad1 e5 18. Nxe5 Nxe5 19. Bxb7 Qxb7 20. Bxe5 Rfe8 21. d4 cxd4 22. cxd4 Qd5 23. Qa6 Bxe5 24. dxe5 Qxe5 25. Rxd8 1/2-1/2

[Event "1st Sivas Buruciye Open 2019"]
[Site "Sivas"]
[Date "2019.08.22"]
[Round "6"]
[White "Odeev, Handszar"]
[Black "Aliyev, Rasim"]
[Result "1/2-1/2"]
[ECO "B11"]
[WhiteElo "2360"]
[BlackElo "2139"]
[Annotator "NA"]
[PlyCount "94"]
[EventDate "2019.08.19"]
[EventType "swiss"]
[EventCountry "TUR"]
[SourceTitle "playchess.com"]
[Source "ChessBase"]
[SourceQuality "1"]
[TimeControl "5400+30"]

1. e4 c6 2. Nc3 d5 3. Nf3 dxe4 4. Nxe4 Nf6 5. Ng3 h5 6. h3 h4 7. Ne2 Qa5 8. c3 e5 9. d4 e4 10. Ne5 Nbd7 11. Nc4 Qf5 12. Qb3 Nd5 13. Ne3 Nxe3 14. Bxe3 Nb6 15. c4 Be7 16. Nc3 O-O 17. O-O-O Re8 18. Be2 Bg5 19. Bg4 Bxe3+ 20. fxe3 Qg5 21. Bxc8 Qxe3+ 22. Kb1 Raxc8 23. Rhe1 Qg5 24. a4 e3 25. Re2 Rcd8 26. a5 Qf5+ 27. Kc1 Qxa5 28. c5 Nd5 29. Nxd5 Rxd5 30. Rxe3 Red8 31. Re4 Qa1+ 32. Kc2 Rxc5+ 33. Kd3 Qa6+ 34. Ke3 Rb5 35. Qc2 Qb6 36. Rd2 Qc7 37. Kf2 Qh2 38. Rxh4 g6 39. Rg4 Kf8 40. Rd3 Rf5+ 41. Rf3 Rxf3+ 42. Kxf3 Rd5 43. Rf4 Rg5 44. Qf2 Qxf4+ 45. Kxf4 Rf5+ 46. Ke3 Rxf2 47. Kxf2 f5 1/2-1/2

[Event "1st Sivas Buruciye Open 2019"]
[Site "Sivas"]
[Date "2019.08.22"]
[Round "6"]
[White "Bayramov, Elvin"]
[Black "Lortkipanidze, Nodar"]
[Result "0-1"]
[ECO "C03"]
[WhiteElo "2198"]
[BlackElo "2336"]
[Annotator "NA"]
[PlyCount "148"]
[EventDate "2019.08.19"]
[EventType "swiss"]
[EventCountry "TUR"]
[SourceTitle "playchess.com"]
[Source "ChessBase"]
[SourceQuality "1"]
[TimeControl "5400+30"]

1. e4 e6 2. d4 d5 3. Nd2 Be7 4. Ngf3 Nf6 5. e5 Nfd7 6. Bd3 c5 7. c3 b6 8. Nf1 Ba6 9. Ng3 Qc8 10. Nh5 g6 11. Nf4 Nc6 12. Qe2 Bxd3 13. Nxd3 Qa6 14. O-O cxd4 15. cxd4 O-O 16. Bh6 Rfc8 17. Qd2 Qa4 18. Qf4 Qc2 19. Rfd1 Qe2 20. Rac1 Qe4 21. Rc3 Qxf4 22. Bxf4 Nb4 23. Bg5 Rxc3 24. bxc3 Nc6 25. Bxe7 Nxe7 26. Nd2 Rc8 27. Rc1 Nc6 28. Kf1 Na5 29. Ke2 f6 30. exf6 Nxf6 31. Nf4 Kf7 32. Kd3 g5 33. Nh3 h6 34. f4 g4 35. Nf2 Nc4 36. Nxc4 Rxc4 37. Re1 Ra4 38. Re2 Ra3 39. g3 b5 40. Rb2 a6 41. Kd2 h5 42. Rc2 Ra4 43. Kc1 Ne4 44. Nd3 Kf6 45. Ne5 Kf5 46. Kb2 Nd6 47. Re2 a5 48. Kb3 h4 49. gxh4 Nc4 50. Nxc4 Rxc4 51. Re5+ Kxf4 52. Rxe6 b4 53. cxb4 Rxb4+ 54. Kc3 Ra4 55. Rf6+ Ke4 56. Re6+ Kf3 57. Rf6+ Kg2 58. Re6 Rb4 59. Rf6 Ra4 60. Re6 Kf3 61. Rf6+ Kg2 62. Rg6 Kh3 63. h5 Rxa2 64. Rg5 Rxh2 65. Rxd5 g3 66. Rg5 a4 67. h6 Kg2 68. Rg6 Rh5 69. Kc4 Kh2 70. d5 a3 71. d6 a2 72. d7 a1=Q 73. d8=Q Qc1+ 74. Kb4 Qb1+ 0-1

[Event "1st Sivas Buruciye Open 2019"]
[Site "Sivas"]
[Date "2019.08.22"]
[Round "6"]
[White "Tofan, Ibrahim"]
[Black "Saraci, Nderim"]
[Result "0-1"]
[ECO "D79"]
[WhiteElo "2055"]
[BlackElo "2398"]
[Annotator "NA"]
[PlyCount "116"]
[EventDate "2019.08.19"]
[EventType "swiss"]
[EventCountry "TUR"]
[SourceTitle "playchess.com"]
[Source "ChessBase"]
[SourceQuality "1"]
[TimeControl "5400+30"]

1. c4 Nf6 2. Nc3 g6 3. b3 Bg7 4. Bb2 O-O 5. g3 c6 6. Bg2 d5 7. cxd5 cxd5 8. Nf3 Nc6 9. d4 Ne4 10. O-O Bf5 11. e3 Rc8 12. Nxe4 Bxe4 13. Qd2 a5 14. Rac1 a4 15. b4 Qb6 16. a3 Nb8 17. Ne1 Bxg2 18. Kxg2 Nd7 19. Nd3 Qb5 20. Nc5 Nb6 21. Rc2 Nc4 22. Qe2 b6 23. Nd3 Rc7 24. Ne5 Rfc8 25. Nxc4 dxc4 26. Rd1 Qd7 27. Rdc1 b5 28. Bc3 e5 29. dxe5 Bxe5 30. Rd1 Qe6 31. Bxe5 Qxe5 32. Qf3 Qe6 33. Rd5 Rb8 34. Rcd2 Rcc8 35. h4 h5 36. e4 Qe8 37. e5 Qe6 38. Qc3 Re8 39. f4 Qf5 40. Kh2 Qb1 41. Rd7 Qb3 42. Qd4 c3 43. Rf2 c2 44. Rc7 Red8 45. Qa7 Rbc8 46. Qc5 Rxc7 47. Qxc7 Rd3 48. Rxc2 Rxg3 49. Qc8+ Kg7 50. Rg2 Rxg2+ 51. Kxg2 Qxa3 52. Qd8 Qb3 53. Qf6+ Kh7 54. Qa6 Qxb4 55. e6 Qe4+ 56. Kg3 Qxe6 57. Qxb5 Qg4+ 58. Kf2 Qxf4+ 0-1

[Event "1st Sivas Buruciye Open 2019"]
[Site "Sivas"]
[Date "2019.08.22"]
[Round "6"]
[White "Caputcuoglu, Zeki Berke"]
[Black "Sevdimaliyev, Urfan"]
[Result "1/2-1/2"]
[ECO "D60"]
[WhiteElo "2004"]
[BlackElo "2348"]
[Annotator "NA"]
[PlyCount "40"]
[EventDate "2019.08.19"]
[EventType "swiss"]
[EventCountry "TUR"]
[SourceTitle "playchess.com"]
[Source "ChessBase"]
[SourceQuality "1"]
[TimeControl "5400+30"]

1. Nf3 d5 2. d4 Nf6 3. c4 e6 4. Nc3 Be7 5. Bg5 Nbd7 6. e3 h6 7. Bh4 O-O 8. Bd3 c5 9. cxd5 cxd4 10. Nxd4 Nxd5 11. Bxe7 Nxe7 12. O-O Nf6 13. Bc2 Qb6 14. Qe2 e5 15. Nf3 Nc6 16. Ne4 Nxe4 17. Bxe4 Re8 18. Rac1 Bg4 19. h3 Bxf3 20. Qxf3 Rac8 1/2-1/2

[Event "1st Sivas Buruciye Open 2019"]
[Site "Sivas"]
[Date "2019.08.22"]
[Round "6"]
[White "Yontar, Sabrican Onay"]
[Black "Altundal, Arda"]
[Result "0-1"]
[ECO "B50"]
[WhiteElo "1881"]
[BlackElo "1659"]
[Annotator "NA"]
[PlyCount "74"]
[EventDate "2019.08.19"]
[EventType "swiss"]
[EventCountry "TUR"]
[SourceTitle "playchess.com"]
[Source "ChessBase"]
[SourceQuality "1"]
[TimeControl "5400+30"]

1. e4 c5 2. Nf3 d6 3. b3 Nc6 4. Bb2 e5 5. Bc4 Be7 6. Nc3 Nf6 7. Bd5 Nxd5 8. Nxd5 f5 9. d3 O-O 10. Nd2 Be6 11. f4 Bxd5 12. exd5 Nb4 13. fxe5 dxe5 14. O-O Qxd5 15. Nc4 Nc6 16. Qe2 Bd6 17. Rae1 Rae8 18. g4 f4 19. Qe4 Qe6 20. h3 Re7 21. Re2 Nd4 22. Bxd4 cxd4 23. Rfe1 f3 24. Rf2 Bb4 25. Nd2 Bxd2 26. Rxd2 Qh6 27. Rh2 Qh4 28. Rf1 Qg3+ 29. Kh1 Ref7 30. Rff2 a6 31. Rf1 f2 32. Qg2 Qe3 33. Qd5 Kh8 34. Qe4 Rf3 35. Qxb7 Rxh3 36. Qg2 Rg3 37. Rxf2 Qe1+ 0-1

[Event "1st Sivas Buruciye Open 2019"]
[Site "Sivas"]
[Date "2019.08.22"]
[Round "6"]
[White "Sabahi, Ali Can"]
[Black "Yilmaz, Hasan"]
[Result "1-0"]
[ECO "C01"]
[WhiteElo "1825"]
[BlackElo "1580"]
[Annotator "NA"]
[PlyCount "49"]
[EventDate "2019.08.19"]
[EventType "swiss"]
[EventCountry "TUR"]
[SourceTitle "playchess.com"]
[Source "ChessBase"]
[SourceQuality "1"]
[TimeControl "5400+30"]

1. e4 e6 2. d4 b6 3. Be3 Bb7 4. Nd2 Nf6 5. Bd3 d5 6. e5 Nfd7 7. f4 c5 8. c3 Nc6 9. Ngf3 a5 10. O-O c4 11. Bc2 b5 12. f5 Be7 13. fxe6 fxe6 14. Ng5 Nf8 15. Nf7 Qd7 16. Nxh8 O-O-O 17. Nf7 Re8 18. Nd6+ Bxd6 19. exd6 Qxd6 20. Rf7 e5 21. Qg4+ Kb8 22. Qxg7 Nd8 23. dxe5 Rxe5 24. Bf4 Nxf7 25. Qxf7 1-0

[Event "1st Sivas Buruciye Open 2019"]
[Site "Sivas"]
[Date "2019.08.22"]
[Round "6"]
[White "Shahlarov, Faig"]
[Black "Amanmuradow, Atajan"]
[Result "0-1"]
[ECO "D00"]
[WhiteElo "1798"]
[BlackElo "1794"]
[Annotator "NA"]
[PlyCount "64"]
[EventDate "2019.08.19"]
[EventType "swiss"]
[EventCountry "TUR"]
[SourceTitle "playchess.com"]
[Source "ChessBase"]
[SourceQuality "1"]
[TimeControl "5400+30"]

1. d4 d5 2. Nc3 Nf6 3. Bf4 a6 4. e3 Nbd7 5. g4 h6 6. h4 g6 7. f3 c5 8. dxc5 e5 9. Bg3 Qa5 10. Qd2 Bxc5 11. O-O-O d4 12. exd4 exd4 13. Nb1 Qxa2 14. Ne2 Nb6 15. Nxd4 Na4 16. c3 Bxd4 17. Qe2+ Be6 18. Rxd4 O-O 19. Rxa4 Qxa4 20. Be5 Nd7 21. Bd4 Rac8 22. Qe3 Rfe8 23. Bd3 Bb3 24. Qf4 Re6 25. Be3 Qa1 26. Be4 Ne5 27. Qxh6 Nc4 28. Rh2 Rxe4 29. fxe4 Ba2 30. Kd1 Qxb1+ 31. Bc1 Rd8+ 32. Ke1 Bb3 0-1

[Event "1st Sivas Buruciye Open 2019"]
[Site "Sivas"]
[Date "2019.08.22"]
[Round "6"]
[White "Taze, Bulent"]
[Black "Citil, Feyzullah"]
[Result "1-0"]
[ECO "E99"]
[WhiteElo "1743"]
[BlackElo "1586"]
[Annotator "NA"]
[PlyCount "145"]
[EventDate "2019.08.19"]
[EventType "swiss"]
[EventCountry "TUR"]
[SourceTitle "playchess.com"]
[Source "ChessBase"]
[SourceQuality "1"]
[TimeControl "5400+30"]

1. d4 Nf6 2. c4 d6 3. Nc3 g6 4. e4 Bg7 5. Nf3 O-O 6. Be2 e5 7. O-O Nc6 8. d5 Ne7 9. Ne1 Nd7 10. Be3 f5 11. f3 f4 12. Bf2 g5 13. Nd3 Ng6 14. c5 Nf6 15. cxd6 cxd6 16. Rc1 Rf7 17. Qb3 h5 18. Nb5 a6 19. Na7 Bd7 20. Qxb7 Bb5 21. Qxa8 Qxa8 22. Rc8+ Qxc8 23. Nxc8 Bf8 24. Na7 Bxd3 25. Bxd3 g4 26. Nc6 h4 27. Bxa6 g3 28. hxg3 hxg3 29. Bb6 Rh7 30. Bd8 Kg7 31. Bxf6+ Kxf6 32. Bc8 Ne7 33. Nxe7 Bxe7 34. Bh3 Bd8 35. Rc1 Rb7 36. Rc2 Bb6+ 37. Kf1 Bd4 38. b3 Bc5 39. Ke2 Rh7 40. Kf1 Rb7 41. Rc1 Ra7 42. a4 Rb7 43. Rb1 Ke7 44. Ke2 Kd8 45. Kd3 Kc7 46. Kc4 Rb4+ 47. Kc3 Kb6 48. Bd7 Ka5 49. Bb5 Rd4 50. Bd3 Rb4 51. Rh1 Bd4+ 52. Kc2 Rb7 53. Rh8 Kb4 54. Bb5 Ka3 55. Rh6 Rb6 56. Rh7 Kb4 57. Bc6 Ka3 58. Bb5 Kb4 59. Bc4 Rb8 60. Kd3 Bc5 61. Rh1 Bd4 62. Kc2 Bc5 63. Rh7 Bd4 64. Ba6 Bc5 65. Bb7 Bd4 66. Kd3 Bc5 67. a5 Kxa5 68. Kc4 Kb6 69. b4 Be3 70. Bc6 Rd8 71. Rb7+ Ka6 72. Kb3 Bc5 73. bxc5 1-0

[Event "1st Sivas Buruciye Open 2019"]
[Site "Sivas"]
[Date "2019.08.22"]
[Round "6"]
[White "Can, Ilhan"]
[Black "Gur, Tuba"]
[Result "1-0"]
[ECO "B42"]
[WhiteElo "1683"]
[BlackElo "1775"]
[Annotator "NA"]
[PlyCount "58"]
[EventDate "2019.08.19"]
[EventType "swiss"]
[EventCountry "TUR"]
[SourceTitle "playchess.com"]
[Source "ChessBase"]
[SourceQuality "1"]
[TimeControl "5400+30"]

1. e4 c5 2. Nf3 e6 3. d4 cxd4 4. Nxd4 a6 5. Bd3 d6 6. O-O Nf6 7. Nc3 b5 8. a3 Bb7 9. Kh1 Qc7 10. f4 Nbd7 11. Qf3 h5 12. Bd2 Be7 13. Rae1 Nc5 14. b4 Ncd7 15. Qe2 Ng4 16. Nb3 Bf6 17. Na5 Rc8 18. e5 dxe5 19. Nxb7 Qxb7 20. Ne4 Be7 21. f5 Qc6 22. a4 Qd5 23. axb5 axb5 24. Nc3 Qd6 25. Nxb5 Qb8 26. fxe6 Ndf6 27. c4 e4 28. exf7+ Kf8 29. Bf4 exd3 1-0

[Event "1st Sivas Buruciye Open 2019"]
[Site "Sivas"]
[Date "2019.08.22"]
[Round "6"]
[White "Tofan, Ismail"]
[Black "Karahan, Anil"]
[Result "1-0"]
[ECO "A05"]
[WhiteElo "1669"]
[BlackElo "1721"]
[Annotator "NA"]
[PlyCount "67"]
[EventDate "2019.08.19"]
[EventType "swiss"]
[EventCountry "TUR"]
[SourceTitle "playchess.com"]
[Source "ChessBase"]
[SourceQuality "1"]
[TimeControl "5400+30"]

1. Nf3 Nf6 2. b3 g6 3. Bb2 Bg7 4. e3 c5 5. Be2 Nc6 6. O-O d5 7. Ne5 Nxe5 8. Bxe5 O-O 9. d4 Bf5 10. dxc5 Rc8 11. b4 b6 12. Ba6 Rc6 13. Bb5 Re6 14. Bd4 bxc5 15. bxc5 Qb8 16. Bd3 Ng4 17. g3 Bxd3 18. Qxd3 Ne5 19. Qd1 Rc6 20. Nd2 Qc8 21. Nb3 Rd8 22. f4 Nc4 23. Bxg7 Kxg7 24. Qd4+ f6 25. e4 Na3 26. Qb2 Nb5 27. exd5 Rxd5 28. c4 Rcxc5 29. cxd5 Rc2 30. Qb1 Qc4 31. Rf2 Rxf2 32. Kxf2 Nc3 33. Qe1 Ne4+ 34. Kg1 1-0